AoeStats
← Honka5053

Fortress

510499671Analyzed
1v1 RM · 1d ago on Oct 1, 2026· 41m 28s· 2 players
Game mode
Random Map
Map size
Small (3 player)
Population
200
Speed
Normal
Resources
Standard
Victory
Conquest
Starting age
Dark Age
Ending age
Imperial Age
RankedLock teamsTeams togetherTeam positionsShared explorationLock speedFull tech treeHidden civsTurbo modeCheats
Victory
Defeat
🇫🇷 Khmer · France
858
+15
🇺🇸 Goths · United States
827
-15
Honka5053
7:14 Feudal Age
8:14 Double-Bit Axe
8:21 Horse Collar
13:27 Castle Age
14:44 Bow Saw
14:35 Heavy Plow
15:06 Man-at-Arms
15:51 Gold Mining
20:54 Scale Mail Armor
23:30 Anarchy
25:19 Chain Mail Armor
31:43 Imperial Age
Itz H ² o
4:57 Loom
6:42 Feudal Age
10:42 Castle Age
9:39 Horse Collar
9:49 Double-Bit Axe
11:28 Heavy Plow
11:40 Bow Saw
11:26 Gold Mining
14:50 Gold Shaft Mining
14:06 Stone Mining
20:44 Forging
20:39 Scale Barding Armor
20:56 Husbandry
21:07 Bloodlines
21:13 Bloodlines
22:31 Iron Casting
27:26 Imperial Age
26:28 Coinage
27:13 Chain Barding Armor
27:47 Elite Battle Elephant
29:01 Fortified Wall
34:14 Conscription
41:53 Banking
Connection lost

Rejoining the realm…

Still unreachable

The connection could not be restored.

Session expired

The server has moved on; the page needs a fresh start.